 Dungeon Crawl Stone Soup version 0.28.0-43-g3370ac3207 (webtiles) character file.

Game seed: 11139451379930064349

6656 croobank the Magician (level 11, -4/71 (72) HPs)
             Began as a Gnoll Fire Elementalist on Mar 30, 2022.
             Was a Follower of Hepliaklqana.
             Slain by a death yak (9 damage)
             ... on level 8 of the Dungeon on Mar 31, 2022.
             The game lasted 00:51:20 (12456 turns).

croobank the Magician (Gnoll Fire Elementalist)    Turns: 12456, Time: 00:51:20

HP:   -4/71 (72)    AC:  9    Str:  8    XL:     11   Next: 3%
MP:   14/22         EV: 15    Int: 18    God:    Hepliaklqana [*.....]
Gold: 538           SH:  5    Dex: 13    Spells: 7/25 levels left

rFire   + . .      SeeInvis +   a - +3 spear (vamp)
rCold   + + .      Faith    .   (no shield)
rNeg    . . .      Spirit   .   G - +0 robe {rC+ rF+}
rPois   .          Reflect  +   v - +2 helmet
rElec   .          Harm     .   B - +0 cloak
rCorr   .          Rampage  .   z - +1 Delatra's gloves {ID++}
Will    .....                   (no boots)
Stlth   +++.......              O - amulet of reflection
HPRegen 0.21/turn               d - ring of protection from cold
MPRegen 0.18/turn               i - ring of see invisible

@: slowed, lightly drained, very slow
A: reduced essence, fangs 1, strong nose, distributed training
a: Renounce Religion, Recall Ancestor, Ancestor Identity


You were on level 8 of the Dungeon.
You worshipped Hepliaklqana.
Hepliaklqana was aware of your devotion.
You visited 2 branches of the dungeon, and saw 10 of its levels.
You also visited: Sewer.

You collected 538 gold pieces.

Inventory:

Hand Weapons
 a - a +3 vampiric spear (weapon)
 b - a +0 hunting sling
 f - a +0 whip
 q - a +1 antimagic hand axe
 w - a +3 dagger
 y - a +0 war axe of electrocution
 E - a +1 vampiric war axe
 K - a +2 flail of protection
 M - a +2 vorpal flail
 Q - a +2 dagger of speed
Missiles
 e - 10 boomerangs
 g - 422 stones
 h - 17 poisoned darts
 t - 118 arrows
 x - 37 sling bullets
 L - 6 atropa-tipped darts (quivered)
Armour
 o - a +2 chain mail of cold resistance
 v - a +2 helmet (worn)
 z - the +1 Delatra's gloves (worn) {ID++}
   (You found it on level 6 of the Dungeon)

   It heals its wearer when they drink unknown potions.
   It restores its wearer's MP when they read unknown scrolls.
 B - a +0 cloak (worn)
 G - a +0 robe of resistance (worn)
Jewellery
 d - a ring of protection from cold (left hand)
 i - a ring of see invisible (right hand)
 n - a ring of positive energy
 N - a ring of ice
 O - an amulet of reflection (around neck)
Wands
 l - a wand of iceblast (11)
 p - a wand of acid (12)
 P - a wand of mindburst (2)
 R - a wand of flame (35)
Scrolls
 k - 3 scrolls of holy word
 m - 3 scrolls of teleportation
 S - a scroll of fog
Potions
 c - 2 potions of haste
 j - 2 potions of might
 r - 2 potions of attraction
 s - a potion of resistance
 u - 2 potions of flight
 A - a potion of heal wounds
 D - 2 potions of brilliance
 F - a potion of invisibility
 H - a potion of curing
 I - 2 potions of lignification {unknown}


   Skills:
 + Level 5.8 Fighting
 + Level 5.8 Short Blades
 + Level 5.8 Long Blades
 + Level 5.8 Axes
 + Level 5.8 Maces & Flails
 + Level 5.8 Polearms
 + Level 5.8 Staves
 + Level 5.8 Slings
 + Level 5.8 Bows
 + Level 5.8 Crossbows
 + Level 5.8 Throwing
 + Level 5.8 Armour
 + Level 7.5 Dodging
 + Level 7.3 Stealth
 + Level 5.8 Shields
 + Level 5.8 Unarmed Combat
 + Level 7.8 Spellcasting
 + Level 5.3 Conjurations
 + Level 4.8 Hexes
 + Level 4.8 Summonings
 + Level 4.8 Necromancy
 + Level 4.8 Translocations
 + Level 4.8 Transmutations
 + Level 7.4 Fire Magic
 + Level 4.8 Ice Magic
 + Level 4.8 Air Magic
 + Level 4.8 Earth Magic
 + Level 4.8 Poison Magic
 + Level 6.4 Invocations
 + Level 5.8 Evocations


You had 7 spell levels left.
You knew the following spells:

 Your Spells              Type           Power      Damage    Failure   Level
a - Foxfire               Conj/Fire      100%       2x1d9     1%          1
b - Scorch                Fire           66%        2d8       1%          2
c - Flame Wave            Conj/Fire      30%        2d8       7%          4
d - Call Canine Familiar  Summ           24%        N/A       4%          3
e - Petrify               Tmut/Erth      24%        N/A       14%         4
f - Summon Lightning Spi  Summ/Air       24%        N/A       14%         4

Your spell library contained the following spells:

 Spells                   Type           Power      Damage    Failure   Level
 Animate Skeleton         Necr           48%        N/A       1%          1
 Apportation              Tloc           48%        N/A       1%          1
 Summon Small Mammal      Summ           96%        N/A       1%          1
 Conjure Flame            Conj/Fire      30%        6-21      2%          3
 Inner Flame              Hex/Fire       29%        N/A       2%          3
 Leda's Liquefaction      Hex/Erth       12%        N/A       14%         4


Dungeon Overview and Level Annotations

Branches:
Dungeon (9/15)             Temple (1/1) D:6            Lair (0/6) D:8
  Sewer (visited)
    Orc: D:9-12

Altars:
Fedhas
Hepliaklqana
Trog
Vehumet

Annotations:
D:7 3 runed translucent doors, cbfl8's ghost, novice MiDe


Innate Abilities, Weirdness & Mutations

Your life essence is reduced to manifest your ancestor. (-10% HP)
You have very sharp teeth.
Your uncanny sense of smell can sniff out nearby items.
Your experience applies equally to all skills.


Message History

(Press . to intensify the flame waves.)
You feel sick.
Zayda hits the wight.
The yak closely misses Zayda.
The wight hits you with a +4 battleaxe.
You feel drained.
The wight closely misses Zayda.
You block the yak's attack.
A wave of flame ripples out!
The flame wave engulfs the yak.
The yak is heavily wounded.
The flame wave engulfs the wight!
You destroy the wight!
The flame wave engulfs the yak!
The yak is lightly wounded.
Zayda avoids your attack.
The flame wave engulfs the death yak!
The death yak is moderately wounded.
You feel sick.
Zayda hits the death yak.
The yak barely misses Zayda.
The yak closely misses you. The yak gores you but does no damage.
The yak gores Zayda.
Zayda hits the death yak.
The yak barely misses you.
A wave of flame ripples out!
The flame wave engulfs the yak.
The yak is heavily wounded.
The flame wave engulfs the death yak!
The death yak is heavily wounded.
Zayda avoids your attack.
The flame wave engulfs the yak.
The yak is lightly wounded.
The flame wave engulfs the death yak!
The death yak is lightly wounded.
The flame wave engulfs the yak.
The yak is lightly wounded.
You finish channelling waves of flame.
You feel sick.
Zayda hits the death yak.
The yak gores Zayda!
The death yak gores Zayda!!
Zayda is destroyed!
The yak misses you.
The death yak bellows! x2
As you read the scroll of fear, it crumbles to dust.
You assume a fearsome visage.
The death yak looks frightened!
The death yak resists with almost no effort.
The yak looks frightened!
The death yak easily resists.
The yak looks frightened! x2; The wight is unaffected.
You feel sick.
You are no longer poisoned.
The death yak gores you!!
* * * LOW HITPOINT WARNING * * *
The death yak gores you!
You die...

####### ###### #.....# #....#
#.[...# #....#####
#.....###.......[####
####.....#.............#
.........#.............#
.........#.............#
......###......?.Y#....#
..........#..#..@.##...##
......#####...#.)Y#.[...#########
...................Y...Y...Y.Y>..
###########.......Yz.Y.##.######.
#.###........##.# ###
####.Y......# #........#
####)....# #.......


You could see 3 death yaks, 3 yaks and a wight.

Vanquished Creatures
  A centaur warrior (D:7)
  2 two-headed ogres
  Pikel (D:8)
  A gargoyle (D:7)
  2 trolls (D:7)
  A shadow (D:9)
  A water moccasin (D:7)
  2 sky beasts
  Pargi (Sewer)
  A black bear (D:4)
  An ice beast (D:7)
  An orc warrior (D:8)
  3 ogres
  2 centaurs
  3 kobold brigands
  2 lemures (D:8)
  A phantom (D:6)
  A bullfrog (D:6)
  6 scorpions
  A water moccasin skeleton (D:6)
  2 wights (D:8)
  3 electric eels (D:6)
  A centaur zombie (D:7)
  2 bullfrog zombies
  A centaur skeleton (D:7)
  A hound (D:4)
  A gnoll shaman (D:6)
  An orc priest (D:7)
  Ijyb (D:5)
  2 scorpion zombies (D:5)
  9 iguanas
  9 orc wizards
  A hound skeleton (D:5)
  2 howler monkey zombies
  Robin (D:3)
  17 gnolls (D:6)
  6 adders
  A river rat (D:6)
  4 white imps
  2 worms (D:6)
  3 dart slugs
  30 orcs
  5 bats
  7 endoplasms
  4 giant cockroaches
  19 goblins
  13 hobgoblins
  5 jackals (D:1)
  42 kobolds
  3 quokkas
  7 ball pythons
  9 frilled lizards
  7 rats
255 creatures vanquished.

Vanquished Creatures (collateral kills)
  A yak (D:8)
  A centaur (D:9)
  A phantom (D:7)
  A centaur zombie (D:9)
4 creatures vanquished.

Vanquished Creatures (others)
  9 ancestors
  436 foxfires
  8 plants (D:7)
453 creatures vanquished.

Grand Total: 712 creatures vanquished

Notes
Turn   | Place    | Note
-------+----------+-------------------------------------------
     0 | D:1      | croobank the Gnoll Fire Elementalist began the quest for
                  | the Orb.
     0 | D:1      | Reached XP level 1. HP: 13/13 MP: 6/6
   211 | D:1      | Reached XP level 2. HP: 10/19 MP: 3/7
   218 | D:1      | Learned a level 2 spell: Scorch
   690 | D:1      | Reached XP level 3. HP: 25/25 MP: 5/9
   786 | D:1      | Reached skill level 5 in Spellcasting
  1199 | D:1      | Reached skill level 1 in Invocations
  1593 | D:2      | Reached skill level 1 in Fighting
  1593 | D:2      | Reached skill level 1 in Short Blades
  1593 | D:2      | Reached skill level 1 in Long Blades
  1593 | D:2      | Reached skill level 1 in Axes
  1593 | D:2      | Reached skill level 1 in Maces & Flails
  1593 | D:2      | Reached skill level 1 in Polearms
  1593 | D:2      | Reached skill level 1 in Staves
  1593 | D:2      | Reached skill level 1 in Slings
  1593 | D:2      | Reached skill level 1 in Bows
  1593 | D:2      | Reached skill level 1 in Crossbows
  1593 | D:2      | Reached skill level 1 in Throwing
  1593 | D:2      | Reached skill level 1 in Armour
  1593 | D:2      | Reached skill level 1 in Shields
  1593 | D:2      | Reached skill level 1 in Unarmed Combat
  1593 | D:2      | Reached skill level 1 in Evocations
  1844 | D:2      | Reached XP level 4. HP: 27/32 MP: 8/11
  2416 | D:3      | Found a faded altar of an unknown god.
  2507 | D:2      | Learned a level 4 spell: Flame Wave
  2599 | D:3      | Found a bloodstained altar of Trog.
  2645 | D:3      | Reached skill level 1 in Hexes
  2645 | D:3      | Reached skill level 1 in Summonings
  2645 | D:3      | Reached skill level 1 in Necromancy
  2645 | D:3      | Reached skill level 1 in Translocations
  2645 | D:3      | Reached skill level 1 in Transmutations
  2645 | D:3      | Reached skill level 1 in Ice Magic
  2645 | D:3      | Reached skill level 1 in Air Magic
  2645 | D:3      | Reached skill level 1 in Earth Magic
  2645 | D:3      | Reached skill level 1 in Poison Magic
  2665 | D:3      | Noticed Robin
  2689 | D:3      | Killed Robin
  2969 | D:3      | Reached XP level 5. HP: 37/37 MP: 9/12
  3481 | D:4      | Noticed a black bear
  3485 | D:4      | Killed a black bear
  3486 | D:4      | Reached XP level 6. HP: 44/44 MP: 9/13
  3542 | D:4      | Reached skill level 5 in Dodging
  3983 | D:4      | Reached XP level 7. HP: 34/50 MP: 6/15
  4699 | D:5      | Entered Level 5 of the Dungeon
  4833 | D:5      | Reached skill level 5 in Stealth
  4914 | D:5      | Noticed Ijyb
  5399 | D:5      | Reached XP level 8. HP: 21/57 MP: 1/16
  5967 | D:5      | Killed Ijyb
  6320 | D:6      | Found the +1 Delatra's gloves {ID++}
  6484 | D:6      | Found a glowing drain.
  6490 | Sewer    | Entered a sewer
  6650 | Sewer    | Noticed Pargi
  6654 | Sewer    | Killed Pargi
  7174 | D:6      | Found a staircase to the Ecumenical Temple.
  7302 | Temple   | Entered the Ecumenical Temple
  7387 | Temple   | Became a worshipper of Hepliaklqana the Forgotten
  7585 | D:6      | Reached XP level 9. HP: 65/65 MP: 16/18
  8124 | D:6      | Got the Grimoire of Untold Secrets
  9524 | D:6      | Learned a level 3 spell: Call Canine Familiar
  9529 | D:6      | Learned a level 4 spell: Petrify
  9561 | D:7      | Found a runed translucent gate.
  9561 | D:7      | Found a runed translucent gate.
  9561 | D:7      | Found a runed translucent gate.
 10320 | D:7      | Reached * piety under Hepliaklqana
 10338 | D:7      | Noticed a two-headed ogre
 10528 | D:7      | Noticed a centaur warrior
 10543 | D:7      | Killed a centaur warrior
 10544 | D:7      | Reached skill level 5 in Invocations
 10544 | D:7      | Reached XP level 10. HP: 48/65 MP: 3/20
 10807 | D:7      | Reached skill level 5 in Fighting
 10807 | D:7      | Reached skill level 5 in Short Blades
 10807 | D:7      | Reached skill level 5 in Long Blades
 10807 | D:7      | Reached skill level 5 in Axes
 10807 | D:7      | Reached skill level 5 in Maces & Flails
 10807 | D:7      | Reached skill level 5 in Polearms
 10807 | D:7      | Reached skill level 5 in Staves
 10807 | D:7      | Reached skill level 5 in Slings
 10807 | D:7      | Reached skill level 5 in Bows
 10807 | D:7      | Reached skill level 5 in Crossbows
 10807 | D:7      | Reached skill level 5 in Throwing
 10807 | D:7      | Reached skill level 5 in Armour
 10807 | D:7      | Reached skill level 5 in Shields
 10807 | D:7      | Reached skill level 5 in Unarmed Combat
 10807 | D:7      | Reached skill level 5 in Evocations
 10998 | D:7      | Noticed cbfl8's ghost (novice MiDe)
 11079 | D:7      | Noticed a gargoyle
 11195 | D:7      | Killed a gargoyle
 11343 | D:7      | Learned a level 4 spell: Summon Lightning Spire
 11484 | D:7      | Killed a two-headed ogre
 11485 | D:7      | Reached skill level 5 in Conjurations
 11627 | D:8      | Noticed a death yak
 11635 | D:8      | Found a staircase to the Lair.
 11637 | D:8      | Noticed a death yak
 11650 | D:8      | Noticed a death yak
 11899 | D:8      | Noticed Pikel
 11910 | D:8      | Killed Pikel
 12128 | D:9      | Noticed a two-headed ogre
 12136 | D:9      | Killed a two-headed ogre
 12265 | D:9      | Reached XP level 11. HP: 72/72 MP: 13/22
 12456 | D:8      | Slain by a death yak

Illustrated notes

Levels and vault maps discovered:
D:1:      evilmike_arrival_crescent, layout_basic
D:2:      layout_rooms
D:3:      layout_basic, mainiacjoe_overflow_six_doors_small,
          shapermc_ecumenical_altar_mp_highgroup, uniq_robin
D:4:      nicolae_cairo_tiling_very_big, layout_basic, skrybe_limestone_x
D:5:      layout_rooms, chequers_decorated_corner, uniq_ijyb
D:6:      minmay_goblin_kobold_castle, layout_basic,
          minmay_temple_entry_nine_rooms, portal_sewer_entry_e
D:7:      nzn_winding_woodlands_small [nzn_winding_woodlands_5x15_lazy_stream,
          nzn_winding_woodlands_center_pierced_h,
          nzn_winding_woodlands_5x15_crooked], layout_rooms,
          gammafunk_ghost_necromancy
D:8:      layout_basic, dpeg_lair_monsters, enter_ossuary_2, uniq_pikel
D:9:      layout_long_grid, enter_bailey_2, roderic_roman_lattice,
          chequers_serial_rivers_small_3, chequers_serial_rivers_marsh
Temple:   mainiacjoe_temple_archimedes_tessellation

Skill      XL: |  1  2  3  4  5  6  7  8  9 10 |
---------------+-------------------------------+-----
Conjurations   | 2 3 4 5 |  5.3
Spellcasting   | 5 6 7 |  7.8
Invocations    | 1 2 3 4 5 6 |  6.4
Fighting       | 1 2 3 4 5 |  5.8
Short Blades   | 1 2 3 4 5 |  5.8
Long Blades    | 1 2 3 4 5 |  5.8
Axes           | 1 2 3 4 5 |  5.8
Maces & Flails | 1 2 3 4 5 |  5.8
Polearms       | 1 2 3 4 5 |  5.8
Staves         | 1 2 3 4 5 |  5.8
Slings         | 1 2 3 4 5 |  5.8
Bows           | 1 2 3 4 5 |  5.8
Crossbows      | 1 2 3 4 5 |  5.8
Throwing       | 1 2 3 4 5 |  5.8
Armour         | 1 2 3 4 5 |  5.8
Shields        | 1 2 3 4 5 |  5.8
Unarmed Combat | 1 2 3 4 5 |  5.8
Evocations     | 1 2 3 4 5 |  5.8
Hexes          | 1 2 3 4 |  4.8
Summonings     | 1 2 3 4 |  4.8
Necromancy     | 1 2 3 4 |  4.8
Translocations | 1 2 3 4 |  4.8
Transmutations | 1 2 3 4 |  4.8
Ice Magic      | 1 2 3 4 |  4.8
Air Magic      | 1 2 3 4 |  4.8
Earth Magic    | 1 2 3 4 |  4.8
Poison Magic   | 1 2 3 4 |  4.8
Dodging        | 5 6 7 |  7.5
Stealth        | 5 6 7 |  7.3
Fire Magic     | 6 7 |  7.4

Action                   |  1- 3 |  4- 6 |  7- 9 | 10-12 || total
-------------------------+-------+-------+-------+-------++-------
Melee: Unarmed           |     6 |       |       |       ||     6
       Whip              |     3 |     2 |       |       ||     5
       Bite              |     2 |     1 |     7 |       ||    10
       Spear             |       |    15 |    40 |     9 ||    64
       Punch             |       |     2 |     1 |     1 ||     4
Throw: Dart              |       |       |     1 |     1 ||     2
 Cast: Foxfire           |    47 |    49 |   143 |    24 ||   263
       Scorch            |    12 |    27 |   141 |    67 ||   247
       Flame Wave        |       |       |     3 |     2 ||     5
       Call Canine Famil |       |       |     1 |     2 ||     3
       Summon Lightning  |       |       |       |     2 ||     2
Evoke: Wand              |       |     1 |     1 |     3 ||     5
  Use: Scroll            |       |     5 |    12 |     6 ||    23
       Potion            |       |       |     4 |       ||     4
 Stab: Distracted        |       |     1 |       |       ||     1
       Sleeping          |       |       |     1 |       ||     1
Armor: Robe              |     5 |     5 |    36 |    13 ||    59
Dodge: Dodged            |    16 |    18 |   103 |    39 ||   176
Block: Other             |       |       |       |     2 ||     2
